 Dungeon Crawl Stone Soup version 0.30-a0-4-ga7cffc901d (webtiles) character file.

Game seed: 17926021790725018316

96 Setbun the Cutter (level 4, -8/26 HPs)
             Began as a Kobold Brigand on Aug 21, 2022.
             Killed from afar by Natasha (11 damage)
             ... with a magic dart
             ... on level 2 of the Dungeon.
             The game lasted 00:01:55 (1960 turns).

Setbun the Cutter (Kobold Brigand)                  Turns: 1960, Time: 00:01:56

Health: -8/26      AC:  7    Str:  8    XL:     4   Next: 98%
Magic:  4/4        EV: 14    Int: 12    God:
Gold:   151        SH:  0    Dex: 18    Spells: 3/3 levels left

rFire   . . .      SeeInvis +    a - +2 dagger
rCold   . . .      Faith    .    (no shield)
rNeg    . . .      Spirit   .    b - +0 robe
rPois   .          Reflect  .    (no helmet)
rElec   .          Harm     .    c - +0 cloak
rCorr   .          Rampage  .    (no gloves)
Will    .....                    (no boots)
Stlth   ++++......               (no amulet)
HPRegen 0.08/turn                o - +4 ring of protection
MPRegen 0.09/turn                m - ring of see invisible

@: no status effects
A: small, no large weapons, nightstalker 3
a: no special abilities


You were on level 2 of the Dungeon.
You visited 1 branch of the dungeon, and saw 2 of its levels.

You collected 151 gold pieces.

Inventory:

Hand Weapons
 a - a +2 dagger (weapon)
Missiles
 d - 9 poisoned darts (quivered)
 e - 3 curare-tipped darts
Armour
 b - a +0 robe (worn)
 c - a +0 cloak (worn)
Jewellery
 l - a +6 ring of intelligence
 m - a ring of see invisible (right hand)
 o - a +4 ring of protection (left hand)
Scrolls
 g - 3 scrolls of identify {unknown}
 h - 2 scrolls of teleportation {unknown}
 i - a scroll of blinking {unknown}
 k - a scroll of silence {unknown}
 n - a scroll of enchant weapon {unknown}
Potions
 f - a potion of experience {unknown}
 j - a potion of attraction {unknown}


   Skills:
 - Level 2.1 Fighting
 * Level 6.3 Short Blades
 - Level 2.1 Throwing
 - Level 1.2 Dodging
 - Level 5.3 Stealth


You had 3 spell levels left.
You didn't know any spells.
Your spell library was empty.

Dungeon Overview and Level Annotations

Branches:
Dungeon (2/15)

Altars:

Annotations:
D:2 Natasha


Innate Abilities, Weirdness & Mutations

You are small and have problems with some larger weapons.
You are completely attuned to the shadows.


Message History

You kill Natasha!
Natasha yowls pathetically as she dies!
The shadow imp disappears in a puff of smoke!
Your Short Blades skill increases to level 6!
You start resting.
Natasha, Servant of Life and Death comes into view.
She is carrying a wand of quicksilver (13).
Natasha is nearby!
Natasha is nearby!
You barely miss Natasha.
Natasha hisses angrily.
You hit Natasha.
Natasha is moderately wounded.
Natasha closely misses you.
You hit Natasha but do no damage.
Natasha is lightly wounded.
Natasha barely misses you.
You barely miss Natasha.
Natasha is lightly wounded.
Natasha wildly gestures.
Natasha glows brightly for a moment.
Natasha zaps a wand.
The bolt of dispelling energy misses you.
You closely miss Natasha.
Natasha is lightly wounded.
You hit Natasha but do no damage.
Natasha is lightly wounded.
Natasha zaps a wand.
The bolt of dispelling energy hits you!!
Ouch! That really hurt!
* * * LOW HITPOINT WARNING * * *
You hit Natasha.
Natasha is moderately wounded.
Natasha misses you.
You hit Natasha.
Natasha is heavily wounded.
You hit Natasha.
Natasha is heavily wounded.
Natasha casts a spell at you. The magic dart hits you!
You die...

#.#.####..###.............#
#.#....................##.#
#.##...#..######..####.##.####
###.........######..# #.##.....
#..............)....####.#####.#
#>#.........###................#
#.##.#...#..###.....####.#######
#.##.....#.......<.....#.#
#.##...........@h........#
#.#....................###
#.#.........###รท...##.##
#...........###....##.#
##.#.........<......##.#
...#.....###........##.#
.#####..####>###.......#
...#...#.....# ###[.####
##.#.........#####..####


You could see Natasha.

Vanquished Creatures
  Natasha (twice) (D:2)
  An adder (D:2)
  2 dart slugs
  3 ball pythons
  6 endoplasms
  3 giant cockroaches
  A goblin (D:2)
  3 hobgoblins
  2 jackals (D:2)
  A quokka (D:2)
  2 bats (D:1)
  2 frilled lizards (D:1)
  A kobold (D:2)
  4 rats
33 creatures vanquished.

Notes
Turn   | Place    | Note
-------+----------+-------------------------------------------
     0 | D:1      | Setbun the Kobold Brigand began the quest for the Orb.
     0 | D:1      | Reached XP level 1. HP: 12/12 MP: 1/1
     9 | D:1      | Noticed an ogre
    41 | D:1      | Reached skill level 3 in Short Blades
   137 | D:1      | Reached XP level 2. HP: 17/17 MP: 2/2
   350 | D:1      | Reached skill level 4 in Short Blades
   711 | D:1      | Reached XP level 3. HP: 21/21 MP: 3/3
  1213 | D:2      | Reached skill level 5 in Short Blades
  1259 | D:2      | Found a faded altar of an unknown god.
  1464 | D:2      | Noticed Natasha
  1468 | D:2      | Killed Natasha
  1469 | D:2      | Reached XP level 4. HP: 26/26 MP: 4/4
  1662 | D:2      | Noticed Natasha
  1714 | D:2      | Killed Natasha
  1715 | D:2      | Reached skill level 6 in Short Blades
  1950 | D:2      | Noticed Natasha
  1960 | D:2      | Killed from afar by Natasha

Illustrated notes

Levels and vault maps discovered:
D:1:      evilmike_arrival_come_back, layout_basic, serial_corexii_hall,
          corexii_hall_statues_deadend, corexii_hall_statues_s
D:2:      layout_loops_ring, chequers_ecumenical_altar_simple, uniq_natasha

Skill      XL: |  1  2  3  4 |
---------------+-------------+-----
Short Blades   | 3 4 5 6 |  6.3
Fighting       | |  2.1
Throwing       | |  2.1
Dodging        | |  1.2
Stealth        | |  5.3

Action                   |  1- 3 |  4- 6 || total
-------------------------+-------+-------++-------
Melee: Dagger            |    52 |    29 ||    81
 Stab: Sleeping          |    15 |     2 ||    17
Armor: Robe              |     7 |     3 ||    10
Dodge: Dodged            |    18 |    15 ||    33

Table legend: (Time is in decaauts)
 A = Elapsed time spent in this place.
 B = Non-inter-level travel time spent in this place.
 C = Inter-level travel time spent in this place.
 D = Time resting spent in this place.
 E = Time spent auto-exploring this place.
 F = Levels seen in this place.
 G = Mean time per level.
                   A        B        C        D        E       F      G
               +--------+--------+--------+--------+--------+-----+--------+
         Total |   1938 |   1895 |     43 |    236 |   1455 |   2 |  969.0 |
       Dungeon |   1938 |   1895 |     43 |    236 |   1455 |   2 |  969.0 |
               +--------+--------+--------+--------+--------+-----+--------+

Top non-repeatable levels by time:
     D:1: 1016 daAuts
     D:2: 922 daAuts
